 Dungeon Crawl Stone Soup version 0.29-a0-88-g03a7b78be7 (webtiles) character file.

Game seed: 15479941555345256349

1498 Cecur the Covered (level 9, -5/68 HPs)
             Began as a Formicid Wanderer on Feb 5, 2022.
             Was an Initiate of Hepliaklqana.
             Killed by divine providence
             ... invoked by an orc priest
              (11 damage)
             ... on level 5 of the Dungeon.
             The game lasted 00:13:21 (6442 turns).

Cecur the Covered (Formicid Wanderer)               Turns: 6442, Time: 00:13:21

Health: -5/68      AC: 16    Str: 24    XL:     9   Next: 8%
Magic:  10/10      EV:  7    Int: 18    God:    Hepliaklqana [......]
Gold:   266        SH:  0    Dex:  7    Spells: 9/10 levels left

rFire   . . .      SeeInvis +   u - +4 dagger of the Hierophant {venom, Int+6 Stlth+}
rCold   . . .      Faith    .   (no shield)
rNeg    . . .      Spirit   .   s - +0 plate armour
rPois   .          Reflect  .   (helmet unavailable)
rElec   .          Harm     .   v - +0 cloak
rCorr   .          Rampage  .   i - +1 pair of gloves
Will    .....                   (no boots)
Stlth   ..........              (no amulet)
HPRegen 0.21/turn               (no ring)
MPRegen 0.12/turn               (no ring)

@: no status effects
A: permanent stasis, dig shafts and tunnels, antennae 3, four strong arms
a: Dig, Shaft Self, Renounce Religion


You were on level 5 of the Dungeon.
You worshipped Hepliaklqana.
Hepliaklqana was noncommittal.
You visited 2 branches of the dungeon, and saw 6 of its levels.

You collected 266 gold pieces.

Inventory:

Hand Weapons
 a - a +0 hand crossbow
 g - a +0 long sword
 u - the +4 dagger of the Hierophant (weapon) {venom, Int+6 Stlth+}
   (You found it on level 5 of the Dungeon)

   It poisons the flesh of those it strikes.
   Int:       It affects your intelligence (+6).
   Stlth:     It makes you more stealthy.
Missiles
 b - 12 bolts
Armour
 i - a +1 pair of gloves (worn)
 s - a +0 plate armour (worn)
 v - a +0 cloak (worn)
Jewellery
 j - an amulet of the acrobat
 o - a ring of protection from fire
Wands
 c - a wand of digging (3)
 t - a wand of charming (10)
Scrolls
 e - 2 scrolls of identify {unknown}
 f - a scroll of vulnerability {unknown}
 n - 2 scrolls of fog {unknown}
 q - a scroll of amnesia {unknown}
 r - a scroll of teleportation {unknown}
Potions
 d - a potion of attraction {unknown}
 h - 2 potions of flight
 k - 3 potions of curing {unknown}
 l - a potion of berserk rage {unknown}
 m - a potion of heal wounds {unknown}
 p - a potion of haste {unknown}
 w - a potion of mutation {unknown}


   Skills:
 + Level 5.1 Fighting
 + Level 2.1(3.5) Short Blades
 + Level 4.2(4.5) Long Blades
 + Level 5.4 Crossbows
 + Level 6.8 Armour
 + Level 1.6 Dodging
 + Level 1.1 Stealth
 + Level 1.1 Spellcasting
 + Level 2.8 Air Magic


You had 9 spell levels left.
You knew the following spells:

 Your Spells              Type           Power      Damage    Failure   Level
a - Shock                 Conj/Air       24%        1d4       83%         1

Your spell library contained the following spells:

 Spells                   Type           Power      Damage    Failure   Level
 Magic Dart               Conj           0%         1d3       95%         1
 Summon Small Mammal      Summ           0%         N/A       95%         1
 Searing Ray              Conj           0%         2d4       99%         2
 Mephitic Cloud           Conj/Pois/Air  4%         N/A       99%         3
 Call Canine Familiar     Summ           0%         N/A       100%        3
 Gell's Gravitas          Tloc           0%         N/A       100%        3
 Lesser Beckoning         Tloc           0%         N/A       100%        3
 Summon Guardian Golem    Hex/Summ       0%         N/A       100%        3
 Teleport Other           Tloc           0%         N/A       100%        3
 Airstrike                Air            5%         N/A       100%        4
 Fulminant Prism          Conj/Hex       0%         3d6       100%        4


Dungeon Overview and Level Annotations

Branches:
Dungeon (5/15)             Temple (1/1) D:5

Altars:
Ashenzari
Cheibriados
Dithmenos
Elyvilon
Fedhas
Gozag
Hepliaklqana
Kikubaaqudgha
Makhleb
Nemelex Xobeh
Okawaru
Qazlal
Ru
Sif Muna
Trog
Uskayaw
Vehumet
Xom
Yredelemnul
Zin
The Shining One


Innate Abilities, Weirdness & Mutations

You cannot be hasted, slowed, berserked, paralysed or teleported.
You can dig through walls and to a lower floor.
You have a pair of large antennae on your head. (SInv)
Your four strong arms can wield two-handed weapons with a shield.


Message History

The ogre is lightly wounded.
The ogre hits you with a +0 giant spiked club.
You barely miss the ogre.
The ogre is lightly wounded.
The gnoll hits you but does no damage.
You hit the ogre.
The ogre is moderately wounded.
The ogre barely misses you.
The gnoll hits you from afar with a +0 spear.
The gnoll hits you but does no damage.
The orc priest mumbles some strange prayers to Beogh against you.
Beogh smites you!
There is an open door here.
The ogre looks more healthy.
The ogre hits you with a +0 giant spiked club!
The gnoll barely misses you.
You hit the ogre.
The ogre is heavily wounded.
The gnoll hits you from afar with a +0 spear.
The ogre barely misses you.
You barely miss the kobold. The gnoll hits you but does no damage.
The kobold hits you but does no damage.
You hit the kobold.
The kobold is poisoned.
The kobold is heavily wounded.
The ogre hits you with a +0 giant spiked club!
The gnoll barely misses you.
You hit the kobold.
You kill the kobold!
The gnoll hits you from afar with a +0 spear.
The ogre hits you with a +0 giant spiked club!!
* * * LOW HITPOINT WARNING * * *
The kobold throws a stone.
The stone barely misses you. The gnoll hits you but does no damage.
Aiming: Charm
Press: ? - help, Shift-Dir - straight line, f - ogre
Aim: an ogre, wielding a +0 giant spiked club (heavily wounded, chance to affect: 49%)
The ogre resists with some effort.
The orc priest invokes the aid of Beogh against you.
Beogh smites you!
You die...

.................................
≈≈.≈≈≈.≈.≈...≈≈.≈.≈≈≈≈.≈≈...≈≈.≈
≈≈≈≈≈≈≈≈≈≈≈≈≈≈≈≈≈≈≈≈≈≈≈≈≈≈≈≈≈≈≈≈
≈≈≈≈≈≈≈≈≈≈≈≈≈≈≈≈≈≈≈≈≈≈≈≈≈≈≈≈≈≈≈≈
≈≈≈≈≈≈#####≈≈≈≈≈≈≈≈≈≈≈≈≈≈≈≈≈≈≈≈≈
≈≈≈≈≈≈#...######################
≈≈≈≈≈≈#...#..........o...#).....
#)))#.........g....)).....
##'##....@.OgKo.o..#######
#......########g.........
#......# #......)...
#....).########..........
##'##.....(.....[..#######
#)))#.....))......)(......
#...#).............#...[..
#...###################### #####


You could see an ogre, an orc priest, 3 gnolls, 2 orcs and a kobold.

Vanquished Creatures
  Edmund (D:3)
  An ice beast (D:5)
  A sky beast (D:5)
  A necrophage (D:4)
  2 ogres (D:5)
  5 kobold brigands (D:5)
  2 scorpions (D:4)
  A howler monkey (D:3)
  A bullfrog zombie (D:5)
  A jelly (D:5)
  2 hounds (D:5)
  2 centaur skeletons
  3 iguanas
  2 gnolls (D:5)
  7 adders
  4 dart slugs (D:2)
  7 orcs
  10 endoplasms
  2 giant cockroaches
  7 goblins
  8 hobgoblins
  7 jackals
  6 quokkas (D:1)
  9 ball pythons
  A bat (D:1)
  A frilled lizard (D:2)
  20 kobolds
  5 rats
119 creatures vanquished.

Notes
Turn   | Place    | Note
-------+----------+-------------------------------------------
     0 | D:1      | Cecur the Formicid Wanderer began the quest for the Orb.
     0 | D:1      | Cecur set off with the following items: a +0 hand crossbow,
                  | 25 bolts, a +0 ring mail; and the following spell
                  | memorised: Shock; and the following spells available to
                  | memorise: Mephitic Cloud, Airstrike
     0 | D:1      | Reached XP level 1. HP: 16/16 MP: 2/2
   148 | D:1      | Reached XP level 2. HP: 22/22 MP: 3/3
   432 | D:1      | Reached XP level 3. HP: 27/27 MP: 4/4
   789 | D:2      | Reached XP level 4. HP: 23/34 MP: 5/5
  1108 | D:2      | Reached skill level 1 in Dodging
  1247 | D:2      | Reached XP level 5. HP: 39/39 MP: 6/6
  1941 | D:3      | Reached skill level 4 in Armour
  2045 | D:3      | Reached XP level 6. HP: 43/47 MP: 7/7
  2811 | D:4      | Reached skill level 1 in Long Blades
  2874 | D:4      | Noticed Edmund
  3171 | D:3      | Killed Edmund
  3518 | D:4      | Noticed a necrophage
  3524 | D:4      | Killed a necrophage
  3525 | D:4      | Reached XP level 7. HP: 53/53 MP: 8/8
  4422 | D:5      | Entered Level 5 of the Dungeon
  4444 | D:5      | Identified the +4 dagger of the Hierophant {venom, Int+6
                  | Stlth+}
  4470 | D:5      | Reached skill level 5 in Crossbows
  4470 | D:5      | Reached skill level 5 in Armour
  4470 | D:5      | Reached XP level 8. HP: 24/61 MP: 9/9
  4695 | D:5      | Found a staircase to the Ecumenical Temple.
  4738 | Temple   | Entered the Ecumenical Temple
  4875 | Temple   | Became a worshipper of Hepliaklqana the Forgotten
  5969 | D:5      | Reached skill level 1 in Short Blades
  5969 | D:5      | Reached skill level 1 in Stealth
  5987 | D:5      | Reached skill level 6 in Armour
  6062 | D:5      | Reached skill level 5 in Fighting
  6110 | D:5      | Reached XP level 9. HP: 51/68 MP: 10/10
  6442 | D:5      | Killed from afar by an orc priest

Illustrated notes

Levels and vault maps discovered:
D:1:      nicolae_arrival_washed_ashore, layout_loops_ring
D:2:      layout_basic
D:3:      layout_loops_ring
D:4:      layout_loops_ring, kennysheep_dice, uniq_edmund
D:5:      minmay_goblin_kobold_castle, layout_rooms,
          minmay_temple_entry_statues_pillars, kennysheep_small_spiral
Temple:   mainiacjoe_temple_starburst

Skill      XL: |  1  2  3  4  5  6  7  8  9 |
---------------+----------------------------+-----
Crossbows      | 2 3 4 5 |  5.4
Dodging        | 1 |  1.6
Fighting       | 3 4 5 |  5.1
Armour         | 4 5 6 |  6.8
Long Blades    | 2 4 |  4.2
Short Blades   | 1 2 |  2.1
Stealth        | 1 |  1.1
Spellcasting   | |  1.1
Air Magic      | |  2.8

Action                   |  1- 3 |  4- 6 |  7- 9 || total
-------------------------+-------+-------+-------++-------
Melee: Long sword        |       |    78 |    29 ||   107
       Dagger            |       |       |   155 ||   155
       Punch             |       |       |     4 ||     4
 Fire: Hand crossbow     |    60 |   113 |    14 ||   187
Evoke: Wand              |       |       |     1 ||     1
  Use: Potion            |       |     1 |       ||     1
Armor: Ring mail         |    16 |    75 |       ||    91
       Plate armour      |       |     1 |   136 ||   137
Dodge: Dodged            |    18 |    98 |    75 ||   191

Table legend: (Time is in decaauts)
 A = Elapsed time spent in this place.
 B = Non-inter-level travel time spent in this place.
 C = Inter-level travel time spent in this place.
 D = Time resting spent in this place.
 E = Time spent auto-exploring this place.
 F = Levels seen in this place.
 G = Mean time per level.
                   A        B        C        D        E       F      G
               +--------+--------+--------+--------+--------+-----+--------+
         Total |   6527 |   6527 |      0 |    226 |   4663 |   6 | 1087.8 |
       Dungeon |   5940 |   5940 |      0 |    226 |   4247 |   5 | 1188.0 |
        Temple |    586 |    586 |      0 |      0 |    416 |   1 |  586.0 |
               +--------+--------+--------+--------+--------+-----+--------+

Top non-repeatable levels by time:
     D:3: 1714 daAuts
     D:5: 1415 daAuts
     D:4: 1167 daAuts
     D:2: 842 daAuts
     D:1: 800 daAuts
  Temple: 586 daAuts
